 Dungeon Crawl Stone Soup version 0.27-a0-1200-g94dc6ad4cf (webtiles) character file.

Game seed: 14735663791648262980

1019 Froggeryz the Chiller (level 7, -1/50 HPs)
             Began as a Demigod Ice Elementalist on May 30, 2021.
             Engulfed by a cloud of steam (13 damage)
             ... on level 6 of the Dungeon.
             The game lasted 00:05:49 (6569 turns).

Froggeryz the Chiller (Demigod Ice Elementalist)    Turns: 6569, Time: 00:05:49

Health: -1/50      AC:  8    Str: 15    XL:     7   Next: 70%
Magic:  5/13       EV: 14    Int: 25    God:
Gold:   296        SH:  0    Dex: 14    Spells: 6/10 levels left

rFire    . . .     SeeInvis .   m - staff of cold
rCold    + . .     Faith    .   (no shield)
rNeg     . . .     Spirit   .   a - +0 robe
rPois    .         Reflect  .   q - +0 helmet
rElec    .         Harm     .   j - +0 cloak
rCorr    .         Rampage  .   (no gloves)
Will     .....                  (no boots)
Stlth    ++........             (no amulet)
HPRegen  0.16/turn              p - +6 ring of strength
MPRegen  0.13/turn              b - +4 ring of protection

@: very slightly contaminated
A: high mp 1, forlorn
a: no special abilities


You were on level 6 of the Dungeon.
You visited 1 branch of the dungeon, and saw 6 of its levels.

You collected 296 gold pieces.

Inventory:

Armour
 a - a +0 robe (worn)
 j - a +0 cloak (worn)
 q - a +0 helmet (worn)
Magical Staves
 m - a staff of cold (weapon)
Jewellery
 b - a +4 ring of protection (right hand)
 c - a ring of resist corrosion
 i - a ring of see invisible
 p - a +6 ring of strength (left hand)
 v - a ring of poison resistance
 y - an amulet of guardian spirit
Scrolls
 d - a scroll of fog {unknown}
 e - 3 scrolls of teleportation {unknown}
 h - 4 scrolls of identify {unknown}
 k - 3 scrolls of amnesia {unknown}
 l - 3 scrolls of fear {unknown}
 n - a scroll of enchant armour {unknown}
 r - a scroll of blinking {unknown}
 x - a scroll of magic mapping {unknown}
Potions
 f - a potion of heal wounds
 g - 2 potions of curing
 o - a potion of attraction {unknown}
 s - a potion of cancellation {unknown}
 t - a potion of magic {unknown}
 u - a potion of experience {unknown}
 w - a potion of might


   Skills:
 + Level 5.0 Dodging
 - Level 1.7 Stealth
 - Level 2.0 Spellcasting
 * Level 7.9 Ice Magic


You had 6 spell levels left.
You knew the following spells:

 Your Spells              Type           Power      Damage    Failure   Level
a - Freeze                Ice            100%       1d11      1%          1
b - Frozen Ramparts       Ice            100%       1d12      1%          3

Your spell library contained the following spells:

 Spells                   Type           Power      Damage    Failure   Level
 Ozocubu's Armour         Ice            59%        N/A       1%          3
 Sandblast                Erth           4%         2d4       11%         1
 Passwall                 Tmut/Erth      1%         N/A       17%         2
 Hailstorm                Conj/Ice       33%        3d8       22%         4
 Stone Arrow              Conj/Erth      4%         3d7       32%         3
 Metabolic Englaciation   Hex/Ice        16%        N/A       52%         5
 Petrify                  Tmut/Erth      2%         N/A       73%         4
 Lee's Rapid Deconstruct  Erth           1%         3d5*      97%         5


Dungeon Overview and Level Annotations

Branches:
Dungeon (6/15)
 Temple: D:4-7


Innate Abilities, Weirdness & Mutations

Your attributes grow dramatically as you level up.
You have an increased reservoir of magic. (+10% MP)
You shall have no god before yourself.


Message History

Aim: a steam dragon (severely wounded)
You feel a surge of power!
You miscast Freeze.
You are very lightly contaminated with residual magic.
Nothing appears to happen.
The wall freezes the steam dragon.
The steam dragon breathes steam at you. The ball of steam hits you!
* * * LOW HITPOINT WARNING * * *
The wyvern skeleton resists.
The wall freezes the wyvern skeleton.
An orc comes into view. It is wielding a +0 hand axe.
You feel much better.
You are engulfed in a cloud of scalding steam.
The wall freezes the steam dragon.
The steam dragon bites you! The steam dragon completely misses you.
The wyvern skeleton completely resists.
The wall freezes the wyvern skeleton but does no damage.
The wall freezes the orc.
Casting: Freeze (safe; 1% risk of failure)
Confirm with . or Enter, or press ? or * to list all spells.
Aiming: Freeze (safe; 1% risk of failure)
Press: ? - help, Shift-Dir - straight line, f/p - steam dragon
Aim: a steam dragon (almost dead, catching its breath)
You feel a surge of power!
You freeze the steam dragon!
You kill the steam dragon!
The steam dragon scales are intact enough to wear.
You are engulfed in a cloud of scalding steam.
The wyvern skeleton completely resists.
The wall freezes the wyvern skeleton but does no damage.
The wall freezes the orc!
You kill the orc!
The wyvern skeleton resists.
The wall freezes the wyvern skeleton.
You destroy the wyvern skeleton!
Your Dodging skill increases to level 5!
Your frozen ramparts will break if you move.
Continue?
Really walk into that cloud of steam? [Y]es or [N]o only, please.
Really walk into that cloud of steam?
The frozen ramparts melt away as you move.
You are engulfed in a cloud of scalding steam.
* * * LOW HITPOINT WARNING * * *
You are engulfed in a cloud of scalding steam.
You die...

######################
########.Z.§@.§§.............
....).o.o####################
.....##### # ... # . # # # .
#


You could see 2 orcs and a centaur skeleton.

Vanquished Creatures
  A steam dragon (D:6)
  2 water moccasins
  A necrophage (D:4)
  2 scorpions
  A wyvern skeleton (D:6)
  A water moccasin zombie (D:4)
  A jelly (D:3)
  An orc priest (D:4)
  Terence (D:3)
  2 iguanas (D:5)
  An orc wizard (D:4)
  7 gnolls
  3 adders
  2 ufetubi
  4 worms
  11 orcs
  9 endoplasms
  3 giant cockroaches
  8 goblins
  4 hobgoblins
  4 jackals (D:5)
  7 kobolds
  5 quokkas
  5 ball pythons
  7 bats
  A frilled lizard (D:1)
  A quokka skeleton (D:4)
  4 rats
99 creatures vanquished.

Notes
Turn   | Place    | Note
-------+----------+-------------------------------------------
     0 | D:1      | Froggeryz the Demigod Ice Elementalist began the quest for
                  | the Orb.
     0 | D:1      | Reached XP level 1. HP: 14/14 MP: 5/5
   669 | D:1      | Reached XP level 2. HP: 18/20 MP: 5/7
   729 | D:1      | Reached skill level 4 in Ice Magic
  1894 | D:2      | Reached XP level 3. HP: 26/26 MP: 5/8
  2974 | D:3      | Noticed Terence
  2982 | D:3      | Killed Terence
  2983 | D:3      | Reached XP level 4. HP: 24/33 MP: 4/9
  3446 | D:3      | Reached skill level 5 in Ice Magic
  3913 | D:3      | Reached XP level 5. HP: 23/38 MP: 1/10
  3986 | D:3      | Learned a level 3 spell: Frozen Ramparts
  4728 | D:4      | Noticed a necrophage
  4734 | D:4      | Reached skill level 6 in Ice Magic
  4742 | D:4      | Killed a necrophage
  4743 | D:4      | Reached XP level 6. HP: 35/45 MP: 5/11
  5411 | D:5      | Entered Level 5 of the Dungeon
  5469 | D:5      | Noticed a +0 falchion
  5469 | D:5      | Noticed a +0 falchion
  5474 | D:5      | Noticed a +0 dagger
  5474 | D:5      | Noticed a +0 spear
  5476 | D:5      | Noticed a +0 dagger
  5477 | D:5      | Noticed a +0 spear
  5477 | D:5      | Noticed a +0 short sword
  5477 | D:5      | Noticed a +0 short sword
  6022 | D:5      | Reached XP level 7. HP: 50/50 MP: 8/13
  6170 | D:5      | Reached skill level 7 in Ice Magic
  6553 | D:6      | Noticed a steam dragon
  6567 | D:6      | Killed a steam dragon
  6568 | D:6      | Reached skill level 5 in Dodging
  6569 | D:6      | Engulfed by a cloud of steam

Illustrated notes

Levels and vault maps discovered:
D:1:      erik_arrival_blinker_ship, layout_loops_ring,
          chequers_ecumenical_altar_simple, chequers_serial_rivers_room_a,
          serial_park_tiny_2, minmay_misc_feat_tower, palyth_stone_intersect,
          minmay_misc_feat_rugged, minmay_tromino_v7
D:2:      layout_loops_corners
D:3:      layout_basic, pf_just_have_faith, minmay_box_of_dots, uniq_terence
D:4:      layout_loops_ring, general_overflow_altar, corexii_hall_statues_u,
          minmay_fractal_squares_diagonal_5
D:5:      layout_cave_pods, nicolae_uskayaw_en_pointe
D:6:      layout_loops_ring, grunt_tough_drop

Skill      XL: |  1  2  3  4  5  6  7 |
---------------+----------------------+-----
Spellcasting   | 2 |  2.0
Ice Magic      | 4 5 6 7 |  7.9
Dodging        | 2 3 4 5 |  5.0
Stealth        | |  1.7

Action                   |  1- 3 |  4- 6 |  7- 9 || total
-------------------------+-------+-------+-------++-------
Melee: Unarmed           |    10 |       |       ||    10
       Whip              |    26 |    16 |       ||    42
       Staff             |       |   137 |    13 ||   150
 Cast: Freeze            |    58 |    16 |     4 ||    78
       Frozen Ramparts   |       |    13 |     3 ||    16
  Use: Potion            |       |     3 |     1 ||     4
 Stab: Sleeping          |     4 |     2 |       ||     6
       Distracted        |       |     2 |       ||     2
Armor: Robe              |    23 |    70 |     4 ||    97
Dodge: Dodged            |    54 |   133 |    13 ||   200

Table legend: (Time is in decaauts)
 A = Elapsed time spent in this place.
 B = Non-inter-level travel time spent in this place.
 C = Inter-level travel time spent in this place.
 D = Time resting spent in this place.
 E = Time spent auto-exploring this place.
 F = Levels seen in this place.
 G = Mean time per level.
                   A        B        C        D        E       F      G
               +--------+--------+--------+--------+--------+-----+--------+
         Total |   6601 |   6397 |    204 |    669 |   4896 |   6 | 1100.2 |
       Dungeon |   6601 |   6397 |    204 |    669 |   4896 |   6 | 1100.2 |
               +--------+--------+--------+--------+--------+-----+--------+

Top non-repeatable levels by time:
     D:3: 1726 daAuts
     D:4: 1314 daAuts
     D:1: 1285 daAuts
     D:5: 1116 daAuts
     D:2: 1108 daAuts
     D:6: 49 daAuts
